 Dungeon Crawl Stone Soup version 0.28.0-53-g5a82cb258f (webtiles) character file.

Game seed: 16714434254405968297

123 Zeld the Gusty (level 5, 0/28 HPs)
             Began as a Tengu Air Elementalist on May 25, 2022.
             Slain by a gnoll
             ... wielding a +0 club
              (5 damage)
             ... on level 2 of the Dungeon.
             The game lasted 00:02:46 (2309 turns).

Zeld the Gusty (Tengu Air Elementalist)             Turns: 2309, Time: 00:02:47

Health: 0/28       AC:  2    Str:  9    XL:     5   Next: 7%
Magic:  2/10       EV: 14    Int: 17    God:
Gold:   97         SH:  0    Dex: 14    Spells: 4/10 levels left

rFire   . . .      SeeInvis .   (no weapon)
rCold   . . .      Faith    .   (no shield)
rNeg    . . .      Spirit   .   a - +0 robe
rPois   .          Reflect  .   (helmet restricted)
rElec   .          Harm     .   (no cloak)
rCorr   .          Rampage  .   (no gloves)
Will    +....                   (boots unavailable)
Stlth   ++........              (no amulet)
HPRegen 0.09/turn               d - ring of willpower
MPRegen 0.12/turn               (no ring)

@: sluggish, flying quickly and evasively, very slow
A: beak, talons 3, nimble flight
a: no special abilities


You were on level 2 of the Dungeon.
You visited 1 branch of the dungeon, and saw 2 of its levels.

You collected 97 gold pieces.

Inventory:

Armour
 a - a +0 robe (worn)
Jewellery
 d - a ring of willpower (left hand)
Scrolls
 c - a scroll of immolation {unknown}
 e - 2 scrolls of identify {unknown}
Potions
 b - 2 potions of curing {unknown}
 f - a potion of resistance {unknown}


   Skills:
 - Level 2.1 Dodging
 - Level 2.0 Stealth
 * Level 3.3 Spellcasting
 + Level 2.9 Conjurations
 * Level 5.6 Air Magic


You had 4 spell levels left.
You knew the following spells:

 Your Spells              Type           Power      Damage    Failure   Level
a - Shock                 Conj/Air       68%        1d7       3%          1
b - Static Discharge      Conj/Air       17%        N/A       4%          2
c - Swiftness             Air            21%        N/A       4%          3

Your spell library contained the following spells:

 Spells                   Type           Power      Damage    Failure   Level
 Airstrike                Air            10%        N/A       17%         4
 Call Canine Familiar     Summ           2%         N/A       45%         3
 Inner Flame              Hex/Fire       2%         N/A       45%         3
 Portal Projectile        Hex/Tloc       4%         N/A       45%         3
 Cause Fear               Hex            1%         N/A       86%         4
 Leda's Liquefaction      Hex/Erth       1%         N/A       86%         4
 Discord                  Hex            1%         N/A       100%        8


Dungeon Overview and Level Annotations

Branches:
Dungeon (2/15)

Altars:


Innate Abilities, Weirdness & Mutations

You have a beak for a mouth.
You have claws for feet.
Your magical nature lets you fly swiftly and evasively.


Message History

You hit the hobgoblin.
The hobgoblin is lightly wounded.
The hobgoblin misses you.
Casting: Swiftness (quite dangerous; 4% risk of failure)
Confirm with . or Enter, or press ? or * to list all spells.
Aiming: Shock (safe; 3% risk of failure)
Press: ? - help, Shift-Dir - straight line, f - jackal, p - gnoll
Aim: a jackal (64% to hit)
The zap hits the hobgoblin but does no damage.
The hobgoblin is lightly wounded.
The zap hits the jackal.
The jackal is moderately wounded.
You start to feel a little slower.
The hobgoblin hits you.
* * * LOW HITPOINT WARNING * * *
Casting: Shock (safe; 3% risk of failure)
Confirm with . or Enter, or press ? or * to list all spells.
Aiming: Shock (safe; 3% risk of failure)
Press: ? - help, Shift-Dir - straight line, f/p - jackal
Aim: a jackal (moderately wounded, 64% to hit)
The zap hits the hobgoblin.
You kill the hobgoblin!
The zap misses the jackal.
Unknown command.
Casting: Shock (safe; 3% risk of failure)
Confirm with . or Enter, or press ? or * to list all spells.
Aiming: Shock (safe; 3% risk of failure)
Press: ? - help, Shift-Dir - straight line, f/p - jackal
Aim: a jackal (moderately wounded, 64% to hit)
The zap hits the jackal.
You kill the jackal!
Unknown command.
Found a hand axe.
You see here a hobgoblin corpse.
You feel sluggish.
You see here a jackal skeleton.
You start to feel a little faster.
There is a stone staircase leading up here.
The gnoll hits you with a +0 club.
You die...

#.....)## #.......#
#.....†.## #........
#........## ##........
####..##..## #.........
##..##..# ###.........
##..##.#####...#######.
##..........### ##
###(..###### ##.@g.#
##...#g# #..)##÷##
......#>##g.# ##
#######)###.### #.
#.###..)# ######.
#).####.## ...!g..
####)####..## .......
#......###..# ....)


You could see 2 gnolls.

Vanquished Creatures
  3 adders
  4 gnolls (D:2)
  2 worms (D:2)
  A dart slug (D:1)
  2 ball pythons (D:1)
  5 endoplasms
  A giant cockroach (D:2)
  7 goblins
  3 hobgoblins
  4 jackals
  6 kobolds
  A quokka (D:2)
  4 bats
  2 frilled lizards (D:1)
  4 rats
49 creatures vanquished.

Notes
Turn   | Place    | Note
-------+----------+-------------------------------------------
     0 | D:1      | Zeld the Tengu Air Elementalist began the quest for the
                  | Orb.
     0 | D:1      | Reached XP level 1. HP: 10/10 MP: 4/4
   233 | D:1      | Reached XP level 2. HP: 15/15 MP: 3/6
   237 | D:1      | Learned a level 2 spell: Static Discharge
   711 | D:1      | Reached XP level 3. HP: 14/19 MP: 0/7
   715 | D:1      | Learned a level 3 spell: Swiftness
  1558 | D:1      | Reached skill level 5 in Air Magic
  1640 | D:2      | Reached XP level 4. HP: 19/24 MP: 1/9
  1928 | D:2      | Noticed Terence
  2249 | D:2      | Gained mutation: Your magical nature lets you fly swiftly
                  | and evasively. [Tengu growth]
  2249 | D:2      | Reached XP level 5. HP: 10/28 MP: 3/10
  2309 | D:2      | Slain by a gnoll

Illustrated notes

Levels and vault maps discovered:
D:1:      matt_arrival_los_fun, layout_basic, minmay_pentomino_s4
D:2:      layout_rooms, uniq_terence

Skill      XL: |  1  2  3  4 |
---------------+-------------+-----
Conjurations   | 2 |  2.9
Air Magic      | 5 |  5.6
Spellcasting   | 3 |  3.3
Dodging        | |  2.1
Stealth        | |  2.0

Action                   |  1- 3 |  4- 6 || total
-------------------------+-------+-------++-------
Melee: Unarmed           |    14 |    10 ||    24
       Kick              |     5 |     2 ||     7
       Peck              |     1 |     1 ||     2
 Cast: Shock             |    23 |    17 ||    40
       Static Discharge  |    20 |     9 ||    29
       Swiftness         |       |     1 ||     1
Armor: Robe              |     8 |     6 ||    14
Dodge: Dodged            |    32 |    15 ||    47
